 Dungeon Crawl Stone Soup version 0.19.0-19-g8c6edcc (webtiles) character file.

9025 aggelon the Markscentaur (level 11, -6/99 HPs)
             Began as a Centaur Hunter on Nov 13, 2016.
             Was a Priest of Okawaru.
             Killed from afar by Fannar (37 damage)
             ... with a bolt of cold
             ... on level 11 of the Dungeon on Nov 14, 2016.
             The game lasted 02:33:19 (14481 turns).

aggelon the Markscentaur (Centaur Hunter)          Turns: 14481, Time: 02:33:20

Health: -6/99      AC: 10    Str: 17    XL:     11   Next: 17%
Magic:  12/12      EV: 12    Int: 10    God:    Okawaru [***...]
Gold:   446        SH:  0    Dex: 13    Spells: 0 memorised, 10 levels left

rFire  . . .     SeeInvis .     b - +2 morningstar (holy)
rCold  . . .     Gourm    .     c - +0 leather armour
rNeg   . . .     Faith    .     (no shield)
rPois  .         Spirit   .     F - +0 helmet
rElec  .         Reflect  .     e - +2 cloak
rCorr  .         Harm     .     I - +0 pair of gloves
MR     .....                    (no barding)
Stlth  ++........               (no amulet)
                                p - +2 ring of strength
                                j - +4 ring of slaying

@: heroism, very quick
A: hooves 3, blurry vision 1, deformed body, speed 2, low mp 1, tough skin 3,
subdued magic 1
a: Heroism, Renounce Religion


You were on level 11 of the Dungeon.
You worshipped Okawaru.
Okawaru was most pleased with you.
You were hungry.

You visited 3 branches of the dungeon, and saw 13 of its levels.
You also visited: Sewer.

You collected 446 gold pieces.

Inventory:

Hand Weapons
 a - a +4 shortbow of flaming
 b - a +2 morningstar of holy wrath (weapon)
 m - the cursed +3 dagger "Ablorghin" {flame, rElec rF+ Int+7, unknown}
   (You found it on level 4 of the Dungeon)

   It has been specially enchanted to burn those struck by it, causing extra
   injury to most foes and up to half again as much damage against particularly
   susceptible opponents.
   It affects your intelligence (+7).
   It protects you from fire.
   It insulates you from electricity.
   It has a curse placed upon it.
 H - a +0 short sword
 L - a cursed +4 flail
Missiles
 d - 171 arrows
Armour
 c - a +0 leather armour (worn)
 e - a +2 cloak (worn)
 F - a +0 helmet (worn)
 I - a +0 pair of gloves (worn)
Jewellery
 j - a +4 ring of slaying (left hand)
 p - a +2 ring of strength (right hand)
 s - an uncursed ring of stealth
 D - an uncursed amulet of faith {unknown}
 E - a cursed amulet of harm {unknown}
 G - an uncursed ring of resist corrosion {unknown}
Wands
 t - a wand of slowing (27/48)
 y - a wand of confusion (26/48)
 B - a wand of enslavement (20/24)
 C - a wand of acid (9/15)
 N - a wand of polymorph (9/24)
Scrolls
 l - 3 scrolls of recharging
 n - 5 scrolls of magic mapping
 r - 3 scrolls of blinking
 v - 4 scrolls of remove curse
 J - a scroll of teleportation
 K - a scroll of fog
 M - a scroll of fear
Potions
 g - 2 potions of might
 k - a potion of curing
 o - 2 potions of resistance
 u - 3 potions of heal wounds
 O - a potion of brilliance
Books
 A - a book of Maledictions

   Spells                             Type                      Level
   a - Corona                         Hexes                        1
   b - Ensorcelled Hibernation        Hexes/Ice                    2
   c - Confuse                        Hexes                        3
   d - Tukima's Dance                 Hexes                        3
   e - Dazzling Spray                 Conjuration/Hexes            3
Miscellaneous
 z - a box of beasts
Comestibles
 f - 18 bread rations
 h - 7 meat rations
 i - 4 beef jerkies
 q - 14 fruits
 w - 11 chunks of flesh
 x - a slice of pizza


   Skills:
 - Level 10.0(15.0) Fighting
 + Level 1.1(6.1) Maces & Flails
 * Level 17.3(22.3) Bows
 - Level 1.3(6.3) Dodging
 - Level 0.4(5.4) Stealth
 - Level 4.0 Invocations


You had 10 spell levels left.
You didn't know any spells.

Dungeon Overview and Level Annotations

Branches:
Dungeon (11/15)            Temple (1/1) D:4            Lair (1/6) D:10
    Orc: D:9-12

Altars:
Ashenzari
Cheibriados
Dithmenos
Elyvilon
Fedhas
Gozag
Hepliaklqana
Kikubaaqudgha
Makhleb
Nemelex Xobeh
Okawaru
Qazlal
Ru
Sif Muna
Trog
Uskayaw
Vehumet
Xom
Yredelemnul
Zin
The Shining One

Annotations:
D:11 Fannar


Innate Abilities, Weirdness & Mutations

You have hooves in place of feet.
Armour fits poorly on your strangely shaped body.
You cover ground very quickly.
You have extremely tough skin. (AC +3)
Scrolls take you a little longer to read.
Your magical capacity is low. (-10% MP)
Your spells are a little easier to cast, but a little less powerful.


Message History

You hit Fannar.
Fannar is severely wounded.
Some snowflakes condense on Fannar.
Fannar points at you and mumbles some strange words.
The bolt of cold hits you!
You hit Fannar. Your kick misses Fannar.
Fannar is almost dead.
Fannar closely misses you.
You hit Fannar but do no damage.
Fannar is almost dead.
Fannar gestures at you while chanting. The bolt of cold hits you!
Fannar barely misses you.
You closely miss Fannar. You kick Fannar, but do no damage.
Fannar is almost dead.
Fannar misses you.
You hit Fannar. Your kick misses Fannar.
Fannar is almost dead.
Fannar points at you and mumbles some strange words.
The bolt of cold hits you!
You die...

.#...........# #.(#
.#...##......##..##(.#
..(..##......##..##..#
###..##......##..##e.# #
#..##......##..##Y.# #
#..##..........##..# #
#..##..........##..# #
#..##.......##.##Y.# #
#..##.......##@##..# #
#..##.......##e##..#
###..##.......##W....###.#
.....##.......##.........#
..............##.##..<...#
##............##.##........#
##..###...#...##.##...##....
##..# #...#...##.##...# .#..
##..# #...#...##.##...# # .


You could see Fannar and a hungry ghost.

Vanquished Creatures
  A gargoyle (D:10)
  A spiny frog (Lair:1)
  A komodo dragon (D:10)
  2 trolls
  2 hippogriffs
  A blink frog (D:10)
  A vampire (D:10)
  A spriggan (D:7)
  6 yaks
  Eustachio (D:4)
  A wyvern (D:9)
  A hungry ghost (D:6)
  Menkaure (D:7)
  A warg (D:11)
  3 sky beasts
  A necrophage (D:9)
  2 ice beasts
  2 phantoms
  4 orc warriors
  7 ogres
  A black bear (D:7)
  A crocodile (Lair:1)
  5 centaurs
  4 wolves (Lair:1)
  7 bullfrogs
  A wyvern zombie (D:11)
  A water moccasin zombie (D:9)
  A scorpion (D:10)
  3 killer bees (D:9)
  A wyvern skeleton (D:9)
  8 wights (D:10)
  5 howler monkeys
  4 crimson imps
  3 centaur skeletons
  3 hounds
  4 jellies
  11 orc wizards
  2 orc priests
  A bullfrog skeleton (D:9)
  2 iguanas
  8 worker ants
  16 gnolls
  12 adders
  A river rat (D:3)
  5 shadow imps
  2 oozes (D:2)
  4 worms
  2 dart slugs
  8 leopard geckos
  37 orcs
  7 ball pythons
  7 bats
  5 giant cockroaches
  13 goblins
  19 hobgoblins
  7 jackals
  7 quokkas
  9 frilled lizards
  A jackal skeleton (D:5)
  A jackal zombie (D:8)
  22 kobolds
  A leopard gecko skeleton (D:8)
  11 rats
  A spectral orc (D:8)
  4 plants (Sewer)
318 creatures vanquished.

Notes
Turn   | Place    | Note
-------+----------+-------------------------------------------
     0 | D:1      | aggelon the Centaur Hunter began the quest for the Orb.
     0 | D:1      | Reached XP level 1. HP: 17/17 MP: 1/1
   315 | D:1      | Reached XP level 2. HP: 24/24 MP: 2/2
   358 | D:1      | Reached skill level 6 in Bows
   493 | D:1      | Reached XP level 3. HP: 26/29 MP: 3/3
  1044 | D:2      | Found an ancient bone altar of Kikubaaqudgha.
  1055 | D:2      | Reached skill level 7 in Bows
  1252 | D:2      | Reached XP level 4. HP: 29/36 MP: 4/4
  1938 | D:2      | Found an opulent altar of Gozag.
  2071 | D:3      | Found a radiant altar of Vehumet.
  2096 | D:3      | Reached skill level 8 in Bows
  2098 | D:3      | Reached XP level 5. HP: 11/42 MP: 5/5
  2562 | D:3      | Found a glowing drain.
  2573 | Sewer    | Entered a sewer
  3549 | Sewer    | Reached skill level 9 in Bows
  4047 | D:3      | Noticed an ogre
  4097 | D:3      | Reached XP level 6. HP: 36/51 MP: 6/6
  4257 | D:3      | Found a shimmering altar of Xom.
  4339 | D:3      | Found a blossoming altar of Fedhas.
  4690 | D:4      | Noticed Eustachio
  4700 | D:4      | Killed Eustachio
  4700 | D:4      | Reached skill level 10 in Bows
  4700 | D:4      | Reached XP level 7. HP: 56/58 MP: 7/7
  4755 | D:4      | Got an iridescent dagger
  4758 | D:4      | Found a staircase to the Ecumenical Temple.
  4765 | Temple   | Entered the Ecumenical Temple
  4786 | Temple   | Became a worshipper of Warmaster Okawaru
  5220 | D:4      | Found a white marble altar of Elyvilon.
  5275 | D:5      | Entered Level 5 of the Dungeon
  5275 | D:5      | Found a bloodstained altar of Trog.
  5307 | D:5      | Found a shattered altar of Ashenzari.
  5307 | D:5      | Found a faded altar of an unknown god.
  5312 | D:5      | Found a sacrificial altar of Ru.
  5314 | D:5      | Found a deep blue altar of Sif Muna.
  5316 | D:5      | Found a faded altar of an unknown god.
  5595 | D:5      | Reached skill level 11 in Bows
  6187 | D:5      | Reached * piety under Okawaru
  6250 | D:5      | Reached skill level 5 in Fighting
  6250 | D:5      | Reached XP level 8. HP: 15/68 MP: 8/8
  6769 | D:6      | Reached skill level 12 in Bows
  7361 | D:6      | Reached ** piety under Okawaru
  7432 | D:6      | Reached skill level 13 in Bows
  7508 | D:7      | Found a deep blue altar of Sif Muna.
  7569 | D:7      | Found a sparkling altar of Nemelex Xobeh.
  7593 | D:7      | Noticed Menkaure
  7597 | D:7      | Killed Menkaure
  7597 | D:7      | Reached skill level 1 in Invocations
  7597 | D:7      | Reached XP level 9. HP: 41/78 MP: 6/9
  9134 | D:7      | Reached skill level 14 in Bows
  9766 | D:8      | Gained mutation: Your magical capacity is low. (-10% MP) [mutagenic meat]
  9767 | D:8      | Gained mutation: Your spells are a little easier to cast, but a little less powerful. [mutagenic meat]
 10541 | D:8      | Found a basalt altar of Yredelemnul.
 10631 | D:9      | Reached skill level 15 in Bows
 10823 | D:9      | Noticed a troll
 10832 | D:9      | Killed a troll
 10832 | D:9      | Reached *** piety under Okawaru
 10832 | D:9      | Reached XP level 10. HP: 60/88 MP: 9/11
 11764 | D:9      | Found a glowing silver altar of Zin.
 12200 | D:10     | Entered Level 10 of the Dungeon
 12205 | D:10     | Reached skill level 16 in Bows
 12456 | D:10     | Found a staircase to the Lair.
 12463 | D:10     | Reached **** piety under Okawaru
 12464 | D:10     | Received a gift from Okawaru
 13344 | D:10     | Noticed a gargoyle
 13347 | D:10     | Killed a gargoyle
 13347 | D:10     | Received a gift from Okawaru
 13523 | Lair:1   | Entered Level 1 of the Lair of Beasts
 13638 | Lair:1   | Noticed a spiny frog
 13644 | Lair:1   | Killed a spiny frog
 13644 | Lair:1   | Reached skill level 17 in Bows
 13644 | Lair:1   | Reached XP level 11. HP: 99/99 MP: 9/12
 13842 | Lair:1   | Noticed an eight-headed hydra
 14101 | D:11     | Reached skill level 10 in Fighting
 14142 | D:11     | Gained mutation: Scrolls take you a little longer to read. [mutagenic meat]
 14233 | D:11     | Reached skill level 1 in Maces & Flails
 14434 | D:11     | Noticed Fannar
 14481 | D:11     | Killed from afar by Fannar

Skill      XL: |  1  2  3  4  5  6  7  8  9 10 11 |
---------------+----------------------------------+-----
Bows           | 6 7 8 9 10 11 13 15 17 | 17.3
Fighting       | 3 5 6 7 9 10 | 10.0
Invocations    | 1 3 4 |  4.0
Maces & Flails | 1 |  1.1
Dodging        | |  1.3
Stealth        | |  0.4

Action                   |  1- 3 |  4- 6 |  7- 9 | 10-12 || total
-------------------------+-------+-------+-------+-------++-------
Melee: Short sword       |   111 |   267 |   269 |    51 ||   698
       Kick              |    15 |    97 |    84 |    33 ||   229
       Punch             |       |       |     1 |     2 ||     3
       Morningstar       |       |       |       |    60 ||    60
 Fire: Shortbow          |     2 |    43 |   149 |   175 ||   369
Invok: Heroism           |       |       |    22 |    24 ||    46
  Use: Scroll            |     3 |     8 |    12 |     4 ||    27
       Potion            |       |     6 |     1 |     3 ||    10
 Stab: Sleeping          |       |       |     4 |       ||     4
  Eat: Chunk             |       |    10 |    18 |     8 ||    36
       Royal jelly       |       |       |       |     1 ||     1
Armor: Leather armour    |    32 |    53 |    58 |    44 ||   187
Dodge: Dodged            |    38 |    59 |   119 |    56 ||   272
